 Dungeon Crawl Stone Soup version 0.29.0-15-g675c0067aa (webtiles) character file.

Game seed: 13314586882410719831

103 AttackTheMoon the Digger (level 4, -1/33 HPs)
             Began as a Barachi Earth Elementalist on Sept 11, 2022.
             Was a Believer of Vehumet.
             Slain by a gnoll bouda
             ... wielding a +0 whip
              (5 damage)
             ... on level 3 of the Dungeon.
             The game lasted 00:04:02 (3373 turns).

AttackTheMoon the Digger (BaEE)                     Turns: 3373, Time: 00:04:03

Health: -1/33      AC:  3    Str: 16    XL:     4   Next: 79%
Magic:  7/8        EV: 12    Int: 17    God:    Vehumet [**....]
Gold:   156        SH:  0    Dex: 12    Spells: 6/8 levels left

rFire   . . .      SeeInvis .   g - +0 short sword
rCold   . . .      Faith    .   (no shield)
rNeg    . . .      Spirit   .   a - +0 robe
rPois   +          Reflect  .   (no helmet)
rElec   .          Harm     .   (no cloak)
rCorr   .          Rampage  .   (no gloves)
Will    .....                   c - +0 pair of boots
Stlth   ++........              (no amulet)
HPRegen 0.11/turn               f - ring of poison resistance
MPRegen 0.11/turn               j - +6 ring of strength

@: weakened, slow
A: amphibious, slowness 1, strong legs 1, +LOS
a: Hop, Renounce Religion


You were on level 3 of the Dungeon.
You worshipped Vehumet.
Vehumet was pleased with you.
You visited 1 branch of the dungeon, and saw 3 of its levels.

You collected 156 gold pieces.

Inventory:

Hand Weapons
 g - a +0 short sword (weapon)
Armour
 a - a +0 robe (worn)
 c - a +0 pair of boots (worn)
Jewellery
 f - a ring of poison resistance (left hand)
 j - a +6 ring of strength (right hand)
Potions
 b - 3 potions of magic
 e - 2 potions of haste
 h - a potion of flight
 i - a potion of invisibility {unknown}
 k - a potion of attraction


   Skills:
 + Level 2.0 Fighting
 + Level 3.1 Dodging
 - Level 1.7 Stealth
 + Level 2.9 Spellcasting
 - Level 1.6 Transmutations
 + Level 1.2 Air Magic
 + Level 3.5 Earth Magic


You had 6 spell levels left.
You knew the following spells:

 Your Spells              Type           Power      Damage    Failure   Level
a - Sandblast             Erth           28%        2d8       4%          1
b - Shock                 Conj/Air       16%        1d4       14%         1

Your spell library contained the following spells:

 Spells                   Type           Power      Damage    Failure   Level
 Static Discharge         Conj/Air       4%         3-4/arc   21%         2
 Passwall                 Tmut/Erth      9%         N/A       9%          2
 Stone Arrow              Conj/Erth      16%        3d8       26%         3
 Petrify                  Tmut/Erth      11%        N/A       52%         4


Dungeon Overview and Level Annotations

Branches:
Dungeon (3/15)

Altars:
Vehumet

Shops:
D:1 (*((

Annotations:
D:3 Sigmund


Innate Abilities, Weirdness & Mutations

You are amphibious.
You cover ground slowly.
You can hop short distances.
You have an extended range of vision and can be seen from far away.


Message History

The gnoll bouda barks out a call to the hunt!
The gnoll picks up the pace!
A gnoll comes into view. It is wielding a +0 club.
The gnoll shouts!
The gnoll bouda hits you with a +0 whip.
A gnoll comes into view. It is wielding a +0 flail.
A gnoll comes into view. It is wielding a +0 spear.
The gnoll hits you from afar with a +0 spear.
The gnoll bouda attacks as you move away!
The gnoll bouda hits you with a +0 whip!
* * * LOW HITPOINT WARNING * * *
Your attacks no longer feel as feeble.
The gnoll shouts!
The gnoll bouda gazes fiercely through you!
You feel your attacks grow feeble.
The gnoll bouda hits you with a +0 whip.
* * * LOW HITPOINT WARNING * * *
The gnoll bouda attacks as you move away!
The gnoll bouda completely misses you. The gnoll barely misses you.
The gnoll bouda attacks as you move away!
The gnoll bouda barely misses you.
The gnoll bouda barks out a call to the hunt!
The gnolls pick up the pace!
The gnoll shouts!
The gnoll bouda gazes fiercely through you!
You feel as though you will be weak longer.
The gnoll hits you from afar with a +0 spear.
* * * LOW HITPOINT WARNING * * *
There is an open door here.
You see here a frilled lizard skeleton.
Things that are here:
a +0 dagger; a goblin skeleton; a quokka skeleton The gnoll bouda gazes fiercely through you!
You feel as though you will be weak longer.
There is a stone staircase leading up here.
The gnoll is no longer moving quickly.
The gnoll hits you from afar with a +0 spear.
* * * LOW HITPOINT WARNING * * *
The gnoll bouda hits you with a +0 whip.
You die...

### #######.. #.....#.#
#.###.#.# #.# #.#.. #.# #.###
#.# #.... ####### #.# #####
#@ggg.# #.# #
###########g####.#######
#...........g..#.......#
#................(#.####
#...............#.#.#... ###
#...............#.#.#.##
##.####............g..#.#.#.#
##..##.......................#
##...''..................>#.###


You could see a gnoll bouda and 3 gnolls.

Vanquished Creatures
  Jessica (D:2)
  Robin (D:1)
  An adder (D:2)
  3 dart slugs
  4 endoplasms
  A giant cockroach (D:1)
  6 goblins
  6 hobgoblins
  5 jackals
  5 kobolds
  A quokka (D:3)
  3 ball pythons
  3 bats
  4 frilled lizards
  3 rats
47 creatures vanquished.

Notes
Turn   | Place    | Note
-------+----------+-------------------------------------------
     0 | D:1      | AttackTheMoon the Barachi Earth Elementalist began the
                  | quest for the Orb.
     0 | D:1      | Reached XP level 1. HP: 13/13 MP: 3/3
   273 | D:1      | Found Vuer's General Store.
   273 | D:1      | Found a faded altar of an unknown god.
   280 | D:1      | Found Ovago's Antique Weapon Boutique.
   344 | D:1      | Reached XP level 2. HP: 20/20 MP: 1/5
   476 | D:1      | Prayed at the altar of an unknown god.
   476 | D:1      | Became a worshipper of Vehumet
   476 | D:1      | Reached * piety under Vehumet
   476 | D:1      | Offered knowledge of Shock by Vehumet.
   512 | D:1      | Found Verozamoe's Book Boutique.
   631 | D:1      | Reached skill level 1 in Fighting
   866 | D:1      | Found Saibebb's Weapon Shop.
   952 | D:1      | Found Vasicoka's Weapon Emporium.
  1026 | D:2      | Noticed Robin
  1031 | D:2      | Reached XP level 3. HP: 26/26 MP: 1/6
  1193 | D:1      | Learned a level 1 spell: Shock
  1322 | D:1      | Killed Robin
  1981 | D:2      | Reached ** piety under Vehumet
  1981 | D:2      | Offered knowledge of Static Discharge by Vehumet.
  2000 | D:2      | Reached XP level 4. HP: 26/33 MP: 8/8
  2633 | D:2      | Noticed Jessica
  2640 | D:2      | Killed Jessica
  2641 | D:2      | Reached skill level 1 in Air Magic
  3021 | D:3      | Noticed Sigmund
  3373 | D:3      | Slain by a gnoll bouda

Illustrated notes

Levels and vault maps discovered:
D:1:      dpeg_arrival_simpleton_a, layout_loops_corners, serial_shops,
          nicolae_shop_waterfront, shop, nicolae_shop_waterfront,
          nicolae_shop_trees, nicolae_shop_bloodbath_and_beyond,
          ebering_ecumenical_altar_box
D:2:      layout_basic, uniq_jessica, uniq_robin
D:3:      layout_basic, kennysheep_cluttered_room, dk_noncrumbling_3,
          minmay_fractal_squares_5, uniq_crazy_yiuf_cottage, uniq_terence,
          uniq_sigmund

Skill      XL: |  1  2  3  4 |
---------------+-------------+-----
Fighting       | 1 2 |  2.0
Dodging        | 3 |  3.1
Air Magic      | 1 |  1.2
Stealth        | |  1.7
Spellcasting   | |  2.9
Transmutations | |  1.6
Earth Magic    | |  3.5

Action                   |  1- 3 |  4- 6 || total
-------------------------+-------+-------++-------
Melee: Unarmed           |    28 |       ||    28
       Short sword       |    23 |     1 ||    24
       Punch             |     2 |       ||     2
 Cast: Sandblast         |    37 |    21 ||    58
       Shock             |     6 |       ||     6
 Abil: Hop               |     1 |       ||     1
  Use: Scroll            |     3 |     3 ||     6
 Stab: Sleeping          |     2 |       ||     2
Armor: Robe              |    20 |     2 ||    22
Dodge: Dodged            |    44 |     8 ||    52
